 Dungeon Crawl Stone Soup version 0.27-a0-277-g024f7ef292 (webtiles) character file.

Game seed: 8846842967822321861

25489 dickylongcocking the Tainter (level 12, -12/62 HPs)
             Began as a Spriggan Venom Mage on Feb 5, 2021.
             Was a High Priest of Makhleb.
             Mangled by a cane toad (15 damage)
             ... on level 1 of the Lair of Beasts.
             The game lasted 00:22:48 (18542 turns).

dickylongcocking the Tainter (Spriggan Venom Mage) Turns: 18542, Time: 00:22:49

Health: -12/62     AC:  4    Str:  4    XL:     12   Next: 89%
Magic:  0/27       EV: 22    Int: 25    God:    Makhleb [*****.]
Gold:   821        SH:  0    Dex: 16    Spells: 18/31 levels left

rFire    + + +     SeeInvis +   F - staff of poison
rCold    + + .     Faith    .   (shield currently unavailable)
rNeg     . . .     Spirit   +   n - +2 robe {rC+ rF+}
rPois    +         Reflect  .   (helmet restricted)
rElec    .         Harm     .   B - scarf {shadows}
rCorr    .         Rampage  .   (gloves unavailable)
Will     +++..                  (boots unavailable)
Stlth    +++.......             y - amulet of guardian spirit
HPRegen  0.20/turn              C - ring "Nuceb" {rF+ rC+ Will+ Int+4}
MPRegen  0.20/turn              (no ring)

@: studying Short Blades, very quick
A: very small, unfitting armour, see invisible, fire resistance 1, speed 3
a: Renounce Religion, Minor Destruction, Lesser Servant of Makhleb, Major
Destruction, Greater Servant of Makhleb


You were on level 1 of the Lair of Beasts.
You worshipped Makhleb.
Makhleb was extremely pleased with you.
You visited 4 branches of the dungeon, and saw 14 of its levels.

You collected 1335 gold pieces.
You spent 514 gold pieces at shops.

Inventory:

Hand Weapons
 e - a +0 short sword
 i - a +5 dagger of draining
Armour
 a - a +0 robe
 n - a +2 robe of resistance (worn)
 B - a scarf of shadows (worn)
Magical Staves
 F - an uncursed staff of poison (weapon)
Jewellery
 y - an amulet of guardian spirit (around neck)
 C - the ring "Nuceb" (left hand) {rF+ rC+ Will+ Int+4}
   (You found it on level 8 of the Dungeon)

   [ring of protection from fire]

   It affects your intelligence (+4).
   It protects you from fire.
   It protects you from cold.
   It affects your willpower, your defense against some magical effects.
Wands
 o - a wand of mindburst (25)
 D - a wand of digging (7)
Scrolls
 b - 3 scrolls of fear {unknown}
 c - 7 scrolls of amnesia {unknown}
 d - 3 scrolls of enchant armour {unknown}
 f - a scroll of enchant weapon {unknown}
 g - 2 scrolls of blinking
 h - 4 scrolls of remove curse
 j - a scroll of vulnerability {unknown}
 s - a scroll of fog {unknown}
 t - 4 scrolls of teleportation
 v - 3 scrolls of immolation {unknown}
 E - 3 scrolls of identify
 G - a scroll of torment {unknown}
Potions
 k - 4 potions of brilliance
 l - 2 potions of cancellation
 m - a potion of degeneration
 q - a potion of mutation
 r - a potion of magic
 w - 2 potions of attraction
 x - a potion of flight
 z - 2 potions of haste
 H - 4 potions of berserk rage {unknown}
 I - a potion of ambrosia {unknown}
 J - a potion of resistance {unknown}


   Skills:
 * Level 6.6 Fighting
 - Level 8.0 Short Blades
 - Level 6.9 Dodging
 * Level 5.1 Stealth
 * Level 10.0 Spellcasting
 - Level 11.4 Transmutations
 - Level 0.1 Fire Magic
 - Level 0.1 Air Magic
 - Level 13.1 Poison Magic
 * Level 8.2 Evocations


You had 18 spell levels left.
You knew the following spells:

 Your Spells              Type           Power        Failure   Level
a - Sting                 Tmut/Pois      100%         1%          1
d - Olgreb's Toxic Radia  Pois           87%          1%          4
i - Ignite Poison         Fire/Tmut/Pois 69%          1%          3
p - Poisonous Vapours     Pois/Air       100%         1%          2
x - Mephitic Cloud        Conj/Pois/Air  51%          2%          3

Your spell library contained the following spells:

 Spells                   Type           Power        Failure   Level
 Animate Skeleton         Necr           24%          4%          1
 Pain                     Necr           48%          4%          1
 Vampiric Draining        Necr           6%           14%         3
 Animate Dead             Necr           6%           43%         4
 Agony                    Necr           12%          80%         5


Dungeon Overview and Level Annotations

Branches:
Dungeon (10/15)            Temple (1/1) D:5            Lair (1/6) D:9
    Orc (2/2) D:10            Elf (0/3) Orc:2

Altars:
Ashenzari
Cheibriados
Elyvilon
Gozag
Hepliaklqana
Kikubaaqudgha
Makhleb
Nemelex Xobeh
Okawaru
Ru
Sif Muna
Trog
Uskayaw
Vehumet
Xom
Yredelemnul
Zin
The Shining One

Shops:
D:4 [   D:7 [   Orc:2 [**:=


Innate Abilities, Weirdness & Mutations

You are very small and have problems with some larger weapons.
You are too small for most types of armour.
You have supernaturally acute eyesight. (SInv)
You cover ground extremely quickly.
Your flesh is heat resistant. (rF+)


Message History

You feel a surge of power!
The ball explodes into a vile cloud!
The stinking cloud engulfs the cane toad but does no damage.
The cane toad is moderately wounded.
The stinking cloud engulfs the fungus but does no damage.
You hear an angry hiss.
You hear a loud, deep croak!
Unknown command.
Unknown command.
Unknown command.
Casting: Mephitic Cloud (dangerous; 2% risk of failure)
Confirm with . or Enter, or press ? or * to list all spells.
You feel a surge of power!
You ignite the poison in your surroundings!
The fungus is engulfed in blazing flames.
The fungus begins to die.
The cane toad is engulfed in blazing flames.
The cane toad stings you!!
* * * LOW HITPOINT WARNING * * *
The cane toad is engulfed in blazing flames.
The cane toad stings you!!
You die...

#......#...##.#.....
#...##..............
... #P.....##.#...##..
#. ##.#...##...#.##. .
#.#...##.#.#.P..
.)#.#.##.#.....
#....P.#......#...#
#...##...#.#..#§#.##
#.#..#.#.#.##§§F@..#
..#.##......#☼P...##
#.#.##.#.#.#..#.#.P#
#.#..#.#...##.#.#..#
.....................
#.####.###P##.###.##.#
### ### ###### ## ##


You could see a cane toad.

Vanquished Creatures
  An orc warlord (Orc:1)
  Nessos (Orc:2)
  Erolcha (Orc:2)
  A two-headed ogre (D:8)
  4 orc high priests (Orc:2)
  An unseen horror (D:10)
  Pikel (D:4)
  5 orc knights (Orc:2)
  6 orc sorcerers
  A centaur zombie (D:10)
  A cane toad (Lair:1)
  A komodo dragon (D:9)
  5 trolls
  Grinder (D:5)
  A hornet (D:7)
  A wyvern (D:8)
  20 yaks
  A wraith (D:10)
  Eustachio (D:5)
  4 wargs
  2 water moccasins
  Duvessa (D:6)
  3 ice beasts
  24 orc warriors
  2 sky beasts
  A hornet zombie (D:10)
  10 ogres
  4 centaurs
  A phantom (D:4)
  2 big kobolds
  10 bullfrogs
  5 gnoll sergeants
  Dowan (D:6)
  3 scorpions
  10 killer bees (D:10)
  6 wights
  A bullfrog zombie (D:7)
  A quasit (D:9)
  A bullfrog skeleton (D:9)
  4 hounds
  3 jellies
  16 orc priests
  18 orc wizards
  8 worker ants
  A killer bee zombie (D:8)
  7 gnolls
  7 adders
  3 shadow imps
  A white imp (D:6)
  An ufetubus (D:5)
  An ooze (D:1)
  An adder skeleton (D:10)
  An adder zombie (D:9)
  A worm (D:5)
  7 leopard geckos
  76 orcs
  3 bats
  6 giant cockroaches
  2 gnoll zombies (D:4)
  4 goblins
  7 hobgoblins
  5 jackals
  2 quokkas
  2 ball pythons
  3 frilled lizards
  A giant cockroach zombie (D:5)
  8 kobolds
  A quokka skeleton (D:4)
  4 rats
  A bush (D:9)
351 creatures vanquished.

Vanquished Creatures (others)
  A fungus (Lair:1)
  59 plants
60 creatures vanquished.

Grand Total: 411 creatures vanquished

Notes
Turn   | Place    | Note
-------+----------+-------------------------------------------
     0 | D:1      | dickylongcocking the Spriggan Venom Mage began the quest
                  | for the Orb.
     0 | D:1      | Reached XP level 1. HP: 9/9 MP: 5/5
   751 | D:1      | Reached XP level 2. HP: 13/13 MP: 6/6
  1609 | D:2      | Reached XP level 3. HP: 16/16 MP: 8/8
  1707 | D:2      | Found a hide-covered altar of Uskayaw.
  2162 | D:3      | Learned a level 2 spell: Poisonous Vapours
  2166 | D:3      | Learned a level 3 spell: Ignite Poison
  2372 | D:3      | Reached XP level 4. HP: 21/21 MP: 0/9
  2483 | D:3      | Reached skill level 5 in Transmutations
  2650 | D:3      | You fall into a shaft and drop 3 floors!
  2651 | D:6      | Noticed a bullfrog
  2655 | D:6      | Killed a bullfrog
  2656 | D:6      | Reached XP level 5. HP: 19/24 MP: 3/10
  2673 | D:6      | Noticed Dowan
  2674 | D:6      | Noticed Duvessa
  2685 | D:6      | Noticed an ogre
  2877 | D:6      | Killed Duvessa
  2877 | D:6      | Killed Dowan
  2878 | D:6      | Reached XP level 6. HP: 2/28 MP: 3/11
  3360 | D:6      | Reached XP level 7. HP: 32/32 MP: 0/12
  4522 | D:7      | Reached skill level 1 in Short Blades
  4522 | D:7      | Reached skill level 10 in Transmutations
  4526 | D:7      | Learned a level 3 spell: Mephitic Cloud
  4600 | D:7      | Reached skill level 1 in Fighting
  5137 | D:7      | Found Udados's Armour Shop.
  5342 | D:7      | Reached skill level 4 in Poison Magic
  5354 | D:6      | Reached XP level 8. HP: 20/37 MP: 1/14
  5580 | D:7      | Found a hazy altar of Hepliaklqana.
  5658 | D:7      | Found a white marble altar of Elyvilon.
  5665 | D:7      | Noticed a hornet
  5672 | D:7      | Killed a hornet
  6996 | D:7      | Learned a level 4 spell: Olgreb's Toxic Radiance
  7000 | D:8      | Reached skill level 5 in Dodging
  7000 | D:8      | Reached skill level 5 in Spellcasting
  7344 | D:8      | Noticed a two-headed ogre
  7348 | D:8      | Killed a two-headed ogre
  7349 | D:8      | Reached skill level 5 in Poison Magic
  7349 | D:8      | Reached XP level 9. HP: 44/44 MP: 7/18
  7458 | D:8      | Found a burning altar of Makhleb.
  7588 | D:5      | Entered Level 5 of the Dungeon
  7594 | D:5      | Noticed Grinder
  7602 | D:5      | Killed Grinder
  7688 | D:5      | Found a shimmering altar of Xom.
  7857 | D:5      | Found a staircase to the Ecumenical Temple.
  7905 | Temple   | Entered the Ecumenical Temple
  8005 | Temple   | Became a worshipper of Makhleb the Destroyer
  8504 | D:5      | Found a shimmering altar of Xom.
  8504 | D:5      | Found a shimmering altar of Xom.
  8504 | D:5      | Found a shimmering altar of Xom.
  8678 | D:4      | Found a basalt altar of Yredelemnul.
  8852 | D:4      | Noticed Pikel
  8856 | D:4      | Killed Pikel
  8987 | D:4      | Found Bineha's Armour Shoppe.
  9002 | D:4      | Bought a scarf of shadows for 144 gold pieces
  9363 | D:5      | Noticed Eustachio
  9373 | D:5      | Killed Eustachio
  9751 | D:8      | Got a crude turquoise ring
 10319 | D:8      | Reached skill level 5 in Short Blades
 10447 | D:8      | Reached skill level 6 in Poison Magic
 10643 | D:8      | Reached XP level 10. HP: 49/49 MP: 11/20
 10877 | D:9      | Reached skill level 7 in Poison Magic
 11084 | D:9      | Reached * piety under Makhleb
 11637 | D:9      | You fall into a shaft and drop 1 floor!
 11637 | D:10     | Entered Level 10 of the Dungeon
 11862 | D:9      | Found a staircase to the Lair.
 11869 | D:9      | Reached skill level 8 in Poison Magic
 12210 | D:9      | Found an ancient bone altar of Kikubaaqudgha.
 12589 | D:9      | Found a snail-covered altar of Cheibriados.
 12595 | D:9      | Found an opulent altar of Gozag.
 12690 | D:9      | Reached skill level 9 in Poison Magic
 12945 | D:10     | Reached ** piety under Makhleb
 13312 | D:10     | Reached skill level 10 in Poison Magic
 13570 | D:10     | Noticed an unseen horror
 13576 | D:10     | Killed an unseen horror
 13982 | D:10     | Reached XP level 11. HP: 53/53 MP: 13/21
 14073 | D:10     | Reached skill level 11 in Poison Magic
 14184 | D:10     | Found a staircase to the Orcish Mines.
 14190 | D:10     | Reached *** piety under Makhleb
 14808 | Orc:1    | Entered Level 1 of the Orcish Mines
 14816 | Orc:1    | Noticed an orc sorcerer
 14817 | Orc:1    | Noticed an orc warlord
 14820 | Orc:1    | Noticed a soul eater
 14822 | Orc:1    | Noticed a sun demon
 14826 | Orc:1    | Killed an orc sorcerer
 14827 | Orc:1    | Reached skill level 12 in Poison Magic
 14994 | Orc:1    | Killed an orc warlord
 15391 | Orc:1    | Reached skill level 1 in Evocations
 15497 | Orc:1    | Identified the ring "Nuceb" {rF+ rC+ Will+ Int+4} (You
                  | found it on level 8 of the Dungeon)
 16026 | Orc:2    | Entered Level 2 of the Orcish Mines
 16027 | Orc:2    | Noticed Erolcha
 16032 | Orc:2    | Killed Erolcha
 16292 | Orc:2    | Found a staircase to the Elven Halls.
 16321 | Orc:2    | Noticed Nessos
 16327 | Orc:2    | Killed Nessos
 16644 | Orc:2    | Noticed an orc high priest
 16644 | Orc:2    | Noticed an orc high priest
 16645 | Orc:2    | Noticed an orc knight
 16645 | Orc:2    | Noticed an orc high priest
 16645 | Orc:2    | Noticed an orc knight
 16645 | Orc:2    | Noticed an orc sorcerer
 16645 | Orc:2    | Noticed an orc knight
 16645 | Orc:2    | Noticed an orc knight
 16645 | Orc:2    | Noticed an orc sorcerer
 16645 | Orc:2    | Noticed an orc sorcerer
 16649 | Orc:2    | Killed an orc high priest
 16649 | Orc:2    | Killed an orc high priest
 16649 | Orc:2    | Noticed an orc sorcerer
 16650 | Orc:2    | Reached XP level 12. HP: 59/59 MP: 1/24
 16653 | Orc:2    | Killed an orc high priest
 16654 | Orc:2    | Reached skill level 5 in Fighting
 16654 | Orc:2    | Reached skill level 5 in Evocations
 16661 | Orc:2    | Reached skill level 13 in Poison Magic
 16663 | Orc:2    | Gained mutation: Your flesh is heat resistant. (rF+) [a
                  | neqoxec]
 16910 | Orc:2    | Reached **** piety under Makhleb
 17529 | Orc:2    | Found Gaafosk's Book Shop.
 17529 | Orc:2    | Found Faol's Antique Armour Shop.
 17531 | Orc:2    | Found Suzxael's Assorted Antiques.
 17535 | Orc:2    | Found Ylium's General Store.
 17540 | Orc:2    | Bought a potion of magic for 88 gold pieces
 17540 | Orc:2    | Bought a scroll of blinking for 82 gold pieces
 17553 | Orc:2    | Bought a potion of magic for 200 gold pieces
 17608 | Orc:2    | Noticed an orc high priest
 17613 | Orc:2    | Killed an orc high priest
 17847 | Orc:2    | Found Astribb's Jewellery Shop.
 18150 | Lair:1   | Entered Level 1 of the Lair of Beasts
 18399 | Lair:1   | Reached skill level 5 in Stealth
 18410 | Lair:1   | Reached ***** piety under Makhleb
 18508 | Lair:1   | Reached skill level 10 in Spellcasting
 18542 | Lair:1   | HP: 3/62 [cane toad (11)]
 18542 | Lair:1   | Mangled by a cane toad

Illustrated notes

Levels and vault maps discovered:
D:1:      wander_arrival_desolate, layout_loops_ring, hangedman_decor_opposing
D:2:      layout_rooms, general_overflow_altar
D:3:      layout_basic, nicolae_overflow_crystal_walls,
          nicolae_overflow_hidden_temple
D:4:      layout_basic, lemuel_zombie_altar_yredelemnul, serial_shops,
          nicolae_shop_competitors_out_of_business, feat_on_display, uniq_pikel
D:5:      layout_basic, xom_redecorated, minmay_temple_entry_stoned_glass,
          uniq_eustachio, uniq_grinder
D:6:      layout_basic, hex_large, grunt_ministairs_12, uniq_duvessa
D:7:      layout_cave_pools, lemuel_crystal_altar, elyvilon_altar_1,
          serial_shops, kennysheep_mini_moat
D:8:      layout_basic, basic_altar, minmay_manual_maat
D:9:      layout_stronghold, nicolae_gozag_seed_capital, cheibriados_altar_1,
          marbit_many_paths, grunt_lair_entry_orc_guard_hut, kennysheep_boxes
D:10:     layout_loops_ring, kennysheep_orc_monster_closet_entryway
Temple:   zaba_magenta_temple
Lair:1:   layout_long_grid, gauntlet_entry_generic, amcnicky_altar_gilded
Orc:1:    layout_caves
Orc:2:    st_orc_elflike, layout_caves, serial_shops, nicolae_shop_statue_plus,
          uniq_nessos, uniq_erolcha

Skill      XL: |  1  2  3  4  5  6  7  8  9 10 11 12 |
---------------+-------------------------------------+-----
Spellcasting   | 3 5 6 7 10 | 10.0
Transmutations | 3 5 8 9 10 11 | 11.4
Dodging        | 3 5 6 |  6.9
Short Blades   | 1 3 5 8 |  8.0
Fighting       | 1 3 4 6 |  6.6
Poison Magic   | 4 5 6 10 12 13 | 13.1
Evocations     | 4 8 |  8.2
Stealth        | 5 |  5.1
Fire Magic     | |  0.1
Air Magic      | |  0.1

Action                   |  1- 3 |  4- 6 |  7- 9 | 10-12 || total
-------------------------+-------+-------+-------+-------++-------
Melee: Short sword       |    29 |     6 |       |       ||    35
       Unarmed           |     1 |     2 |       |       ||     3
       Dagger            |       |       |    34 |    98 ||   132
       Staff             |       |       |     1 |    52 ||    53
 Cast: Sting             |    43 |    13 |    54 |    38 ||   148
       Poisonous Vapours |     7 |    16 |    46 |    11 ||    80
       Ignite Poison     |     1 |     5 |    50 |    95 ||   151
       Mephitic Cloud    |       |       |     8 |    12 ||    20
       Olgreb's Toxic Ra |       |       |     7 |    98 ||   105
Evoke: Wand              |       |       |     1 |    21 ||    22
  Use: Potion            |       |     4 |     2 |     6 ||    12
       Scroll            |       |       |     6 |     3 ||     9
 Stab: Sleeping          |     6 |       |     4 |     1 ||    11
Armor: Robe              |     4 |     2 |     4 |    10 ||    20
       Skin              |       |     2 |       |       ||     2
Dodge: Dodged            |    46 |    16 |    92 |   250 ||   404

Table legend: (Time is in decaauts)
 A = Elapsed time spent in this place.
 B = Non-inter-level travel time spent in this place.
 C = Inter-level travel time spent in this place.
 D = Time resting spent in this place.
 E = Time spent auto-exploring this place.
 F = Levels seen in this place.
 G = Mean time per level.
                   A        B        C        D        E       F      G
               +--------+--------+--------+--------+--------+-----+--------+
         Total |  15470 |  15088 |    382 |   4628 |   8433 |  14 | 1105.0 |
       Dungeon |  12567 |  12225 |    342 |   3313 |   7528 |  10 | 1256.7 |
        Temple |     69 |     62 |      7 |      0 |     32 |   1 |   69.0 |
          Lair |    272 |    272 |      0 |     16 |     53 |   1 |  272.0 |
  Orcish Mines |   2561 |   2529 |     32 |   1299 |    819 |   2 | 1280.5 |
               +--------+--------+--------+--------+--------+-----+--------+

Top non-repeatable levels by time:
     D:6: 2818 daAuts
    D:10: 2118 daAuts
   Orc:1: 1807 daAuts
     D:9: 1643 daAuts
     D:8: 1279 daAuts
     D:7: 1063 daAuts
     D:5: 989 daAuts
     D:1: 867 daAuts
   Orc:2: 754 daAuts
     D:3: 683 daAuts
     D:2: 583 daAuts
     D:4: 520 daAuts
  Lair:1: 272 daAuts
  Temple: 69 daAuts
